 Dungeon Crawl Stone Soup version 0.19.0-24-gb05acd6 (webtiles) character file.

144 Kemay the Changer (level 5, 0/33 HPs)
             Began as an Octopode Transmuter on Nov 22, 2016.
             Succumbed to Crazy Yiuf's poison
             ... on level 2 of the Dungeon.
             The game lasted 00:08:40 (2393 turns).

Kemay the Changer (Octopode Transmuter)             Turns: 2393, Time: 00:08:40

Health: 0/33       AC:  1    Str: 15    XL:     5   Next: 26%
Magic:  6/8        EV: 19    Int: 15    God:
Gold:   100        SH:  0    Dex: 18    Spells: 3 memorised, 0 levels left

rFire  . . .     SeeInvis .     i - +0 dagger (speed)
rCold  . . .     Gourm    .     (no shield)
rNeg   . . .     Faith    .     (helmet restricted)
rPois  .         Spirit   .     (no amulet)
rElec  .         Reflect  .     (no ring)
rCorr  .         Harm     .     (no ring)
MR     .....                    (no ring)
Stlth  ++++......               (no ring)
                                (no ring)
                                (no ring)
                                (no ring)
                                (no ring)

@: mighty, agile, lethally poisoned (0 -> -6), appendage
A: almost no armour, stealthy swim, amphibious, 8 rings, constrict 8, tentacle
spike 3, camouflage 1, gelatinous body 1
a: End Transformation


You were on level 2 of the Dungeon.
You were hungry.
One of your tentacles had a temporary spike.
You visited 1 branch of the dungeon, and saw 2 of its levels.

You collected 100 gold pieces.

Inventory:

Hand Weapons
 i - a +0 dagger of speed (weapon)
Missiles
 a - 12 arrows
Wands
 h - a wand of polymorph (8/24)
Scrolls
 d - 3 scrolls of identify
Potions
 e - a potion of might
Books
 b - a book of Changes

   Spells                             Type                      Level
   a - Beastly Appendage              Transmutation                1
   b - Sticks to Snakes               Transmutation                2
   c - Spider Form                    Transmutation/Poison         3
   d - Ice Form                       Ice/Transmutation            4
   e - Blade Hands                    Transmutation                5
Comestibles
 c - 3 bread rations
 g - a beef jerky


   Skills:
 - Level 1.0 Fighting
 - Level 2.0 Dodging
 - Level 3.0 Unarmed Combat
 - Level 2.0 Spellcasting
 + Level 4.4 Transmutations
 - Level 3.0 Poison Magic


You couldn't memorise any spells.
You knew the following spells:

 Your Spells              Type           Power        Failure   Level  Hunger
a - Beastly Appendage     Tmut           ##....       4%          1    #......
b - Spider Form           Tmut/Pois      ##........   17%         3    ###....
c - Ice Form              Ice/Tmut       #.......     87%         4    #####..


Dungeon Overview and Level Annotations

Branches:
Dungeon (2/15)

Altars:
Trog


Innate Abilities, Weirdness & Mutations

You cannot wear most types of armour.
You are very stealthy in the water. (Stealth+)
You are amphibious.
You can wear up to eight rings at the same time.
You can use your tentacles to constrict eight enemies at once.
Your skin changes colour to match your surroundings (Stealth+).
Your rubbery body absorbs attacks. (AC +1, EV +1)
One of your tentacles bears a large vicious spike.


Message History

You feel sick.
Things that are here:
a quarterstaff of chaos; a cloak
* * * LOW HITPOINT WARNING * * *
You feel sick.
There is an open door here.
* * * LOW HITPOINT WARNING * * *
You feel sick.
* * * LOW HITPOINT WARNING * * *
You feel sick.
There is a lethal amount of poison in your body!
* * * LOW HITPOINT WARNING * * *
You feel sick.
You feel agile all of a sudden.
* * * LOW HITPOINT WARNING * * *
You feel sick.
You feel very mighty all of a sudden.
* * * LOW HITPOINT WARNING * * *
You feel sick.
You die...

#..........# #
#.......####
#################
#.......#
##................
#.......#
##.................
#.......#
#....####..........
#.......# #....#
#......####
#.......# #P.PP#
#......#...
#.......# #.#.##
#......#.##
#.......# ##@##
#......#.##
######### #.##
#......#.## ##.#
#......#... #.##
#......#### ##.#
#......# ##'##
#......# #.).#
#..)...# #...#
######## #..)#


There were no monsters in sight!

Vanquished Creatures
  Crazy Yiuf (D:2)
  Jessica (D:2)
  2 adders (D:2)
  An ooze (D:1)
  An adder skeleton (D:2)
  2 worms (D:2)
  4 leopard geckos
  13 bats
  6 giant cockroaches
  5 hobgoblins (D:1)
  3 jackals (D:1)
  A quokka (D:2)
  A ball python (D:2)
  3 frilled lizards
  2 goblins (D:1)
  4 kobolds (D:1)
  5 rats
  2 fungi (D:2)
57 creatures vanquished.

Notes
Turn   | Place    | Note
-------+----------+-------------------------------------------
     0 | D:1      | Kemay the Octopode Transmuter began the quest for the Orb.
     0 | D:1      | Reached XP level 1. HP: 13/13 MP: 3/3
   257 | D:1      | Reached XP level 2. HP: 18/18 MP: 3/5
   320 | D:1      | Reached skill level 3 in Transmutations
   408 | D:1      | Reached XP level 3. HP: 23/23 MP: 6/6
   603 | D:1      | Learned a level 3 spell: Spider Form
   898 | D:1      | Reached skill level 1 in Poison Magic
  1211 | D:2      | Found a bloodstained altar of Trog.
  1506 | D:2      | Noticed Jessica
  1518 | D:2      | Killed Jessica
  1518 | D:2      | Reached XP level 4. HP: 28/28 MP: 3/7
  1771 | D:2      | Reached skill level 4 in Transmutations
  2164 | D:2      | Reached XP level 5. HP: 33/33 MP: 6/8
  2170 | D:2      | Learned a level 4 spell: Ice Form
  2310 | D:2      | Found a runed door.
  2314 | D:2      | Noticed Crazy Yiuf
  2379 | D:2      | Killed Crazy Yiuf
  2392 | D:2      | HP: 1/33 [poisoned by Crazy Yiuf]
  2393 | D:2      | Succumbed to Crazy Yiuf's poison

Skill      XL: |  1  2  3  4 |
---------------+-------------+-----
Transmutations | 3 4 |  4.4
Poison Magic   | 2 3 |  3.0
Fighting       | |  1.0
Dodging        | |  2.0
Unarmed Combat | |  3.0
Spellcasting   | |  2.0

Action                   |  1- 3 |  4- 6 || total
-------------------------+-------+-------++-------
Melee: Unarmed           |    78 |    41 ||   119
       Constrict         |    33 |    13 ||    46
       Kick              |    18 |     5 ||    23
       Tentacles         |    16 |    19 ||    35
       Punch             |     3 |     2 ||     5
       Dagger            |    21 |    30 ||    51
 Cast: Beastly Appendage |    15 |     7 ||    22
       Spider Form       |     1 |     1 ||     2
  Use: Scroll            |     5 |     4 ||     9
       Potion            |       |     2 ||     2
 Stab: Sleeping          |     3 |     1 ||     4
  Eat: Chunk             |     2 |     3 ||     5
Armor: Skin              |    26 |     5 ||    31
Dodge: Dodged            |    82 |    22 ||   104
